 Dungeon Sprint DCSS version 0.21.2 (webtiles) character file.

140 Fang the Skirmisher (level 5, -14/55 HPs)
             Began as a Gargoyle Berserker on Oct 16, 2018.
             Was an Elder of Trog.
             Killed by divine providence
             ... invoked by an orc priest
              (15 damage)
             ... in the Dungeon (Sprint VII: "The Pits").
             The game lasted 00:02:10 (473 turns).

Fang the Skirmisher (Gargoyle Berserker)             Turns: 473, Time: 00:02:10

Health: -14/55     AC: 16    Str: 26    XL:     5   Next: 23%
Magic:  5/5        EV: 10    Int:  8    God:    Trog [****..]
Gold:   0          SH:  0    Dex:  9    Spells: 4/4 levels left

rFire    . . .     SeeInvis .   m - +1 hand axe (chop)
rCold    . . .     Gourm    .   (no shield)
rNeg     + . .     Faith    .   n - +3 chain mail
rPois    ∞         Spirit   .   (no helmet)
rElec    +         Reflect  .   (no cloak)
rCorr    .         Harm     .   (no gloves)
MR       .....     NoTele   +   (no boots)
Stlth    ..........             (no amulet)
HPRegen  0.18/turn              (no ring)
MPRegen  0.09/turn              (no ring)

@: berserking (expiring), very quick
A: negative energy resistance 1, electricity resistance, unbreathing,
petrification resistance, rot immunity, AC +4
a: Berserk, Trog's Hand, Brothers in Arms, Burn Spellbooks, Renounce Religion


You were in the Dungeon.
You worshipped Trog.
Trog was greatly pleased with you.
You were hungry.

You visited 1 branch

Inventory:

Hand Weapons
 j - a +2 hand axe
 m - a +1 hand axe of chopping (weapon)
Armour
 n - a +3 chain mail (worn)
Scrolls
 i - a scroll of blinking
 k - 3 scrolls of remove curse
 l - a scroll of summoning
Potions
 a - 2 potions of invisibility
 d - 6 potions of curing
 e - 6 potions of heal wounds
 f - a potion of haste
 g - 4 potions of magic
 h - 3 potions of berserk rage
Comestibles
 c - 9 rations


   Skills:
 + Level 6.8 Fighting
 + Level 6.4 Axes
 + Level 3.8 Armour
 + Level 3.9 Dodging
 + Level 1.4 Stealth


You had 4 spell levels left.
You didn't know any spells.

Dungeon Overview and Level Annotations

Branches:
Dungeon (1/1)

Altars:
Cheibriados
Dithmenos
Elyvilon
Fedhas
Gozag
Hepliaklqana
Makhleb
Nemelex Xobeh
Okawaru
Qazlal
Ru
Sif Muna
Trog
Vehumet
Wu Jian
Xom
Yredelemnul
Zin
The Shining One
Beogh
Jiyva
Lugonu


Innate Abilities, Weirdness & Mutations

You are resistant to torment.
Your stone body is resilient. (AC +4)
You are immune to poison.
You resist negative energy. (rN+)
You are resistant to electric shocks. (rElec)
You can survive without breathing.
You are immune to petrification.
You are immune to rotting.


Message History

You miss the fire bat.
The fire bat bites you but does no damage. x2
The orc priest hits you but does no damage.
Unknown command.
An ufetubus comes into view.
Unknown command.
You feel a strong urge to attack something.
The fire bat bites you.
* * * LOW HITPOINT WARNING * * *
You are engulfed in flames!
* * * LOW HITPOINT WARNING * * *
The orc priest looks satisfied for a moment.
Unknown command.
You slash the orc priest!
The orc priest is almost dead.
Your chain mail prevents you from hitting the fire bat.
The fire bat bites you but does no damage.
The orc priest calls down the wrath of Beogh upon you.
Beogh smites you!
You die...

#.#...÷.#))#####'#
#.###'###))##.....
#.#÷....#.)##.....
#.#.....#..##.....
#.####'##'###...<.
#.#.†......##.....
#.#.)......##.....
#'###########.....
#@.bM...# ######
#o###o..# #5# ..#
#.# .# #.. # #..
#.. ####


You could see a fire bat, a mummy, 2 orc priests and an ufetubus.

Vanquished Creatures
  A water moccasin (D)
  A gnoll (D)
  A river rat (D)
  2 leopard geckos (D)
  2 orcs (D)
  2 ball pythons (D)
  A bat (D)
  A giant cockroach (D)
  A quokka (D)
12 creatures vanquished.

Notes
Turn   | Place    | Note
-------+----------+-------------------------------------------
     0 | D        | Fang the Gargoyle Berserker began the quest for the Orb.
     0 | D        | Reached XP level 1. HP: 14/14 MP: 1/1
    86 | D        | Found a bloodstained altar of Trog.
    86 | D        | Found a deep blue altar of Sif Muna.
    86 | D        | Found a viscous altar of Jiyva.
    86 | D        | Found a hazy altar of Hepliaklqana.
    86 | D        | Found an opulent altar of Gozag.
    87 | D        | Found a glowing golden altar of the Shining One.
    87 | D        | Found a glowing silver altar of Zin.
    87 | D        | Found a basalt altar of Yredelemnul.
    87 | D        | Found a shimmering altar of Xom.
    87 | D        | Found an ornate altar of the Wu Jian Council.
    87 | D        | Found a sacrificial altar of Ru.
    87 | D        | Found a stormy altar of Qazlal.
    87 | D        | Found an iron altar of Okawaru.
    87 | D        | Found a sparkling altar of Nemelex Xobeh.
    87 | D        | Found a burning altar of Makhleb.
    87 | D        | Found a blossoming altar of Fedhas.
    87 | D        | Found a white marble altar of Elyvilon.
    87 | D        | Found a shadowy altar of Dithmenos.
    87 | D        | Found a snail-covered altar of Cheibriados.
    90 | D        | Found a corrupted altar of Lugonu.
    90 | D        | Found a radiant altar of Vehumet.
    90 | D        | Found a roughly hewn altar of Beogh.
   133 | D        | Reached ** piety under Trog
   201 | D        | Reached XP level 2. HP: 17/20 MP: 2/2
   262 | D        | Reached *** piety under Trog
   265 | D        | Reached XP level 3. HP: 20/25 MP: 3/3
   457 | D        | Noticed a water moccasin
   460 | D        | Noticed a fire bat
   464 | D        | Killed a water moccasin
   464 | D        | Reached skill level 1 in Stealth
   464 | D        | Reached XP level 4. HP: 11/32 MP: 4/4
   464 | D        | Reached XP level 5. HP: 13/37 MP: 5/5
   466 | D        | Reached **** piety under Trog
   472 | D        | HP: 1/55 [fire bat (9)]
   473 | D        | Killed from afar by an orc priest

Skill      XL: |  1  2  3 |
---------------+----------+-----
Axes           | 3 4 6 |  6.4
Fighting       | 4 6 |  6.8
Dodging        | 2 3 |  3.9
Armour         | 3 |  3.8
Stealth        | 1 |  1.4

Action                   |  1- 3 |  4- 6 || total
-------------------------+-------+-------++-------
Melee: Hand axe          |    34 |     6 ||    40
Invok: Berserk           |     2 |       ||     2
 Stab: Sleeping          |     1 |       ||     1
Armor: Animal skin       |    17 |       ||    17
       Chain mail        |     1 |     8 ||     9
Dodge: Dodged            |    39 |     4 ||    43
